 Dungeon Crawl Stone Soup version 0.28.0-1-gb440e238dd (webtiles) character file.

Game seed: 5001321082791672043

79548 JustinTrotter the Peltast (level 15, 0/107 HPs)
             Began as a Gargoyle Fighter on Feb 23, 2022.
             Was the Champion of the Shining One.
             Slain by an ettin (33 damage)
             ... on level 14 of the Dungeon.
             The game lasted 00:56:49 (37218 turns).

JustinTrotter the Peltast (Gargoyle Fighter)       Turns: 37218, Time: 00:56:49

Health: 0/107      AC: 32    Str: 34    XL:     15   Next: 64%
Magic:  15/15      EV: 11    Int: 14    God:    the Shining One [******]
Gold:   63         SH: 10    Dex:  9    Spells: 14/14 levels left

rFire   + + .      SeeInvis .   a - +10 rapier of the Desolation of Salt {flame, rPois rF- rN+ Int+6}
rCold   + + +      Faith    .   c - +2 buckler
rNeg    + + +      Spirit   .   F - +0 gold dragon scales of Paexuw {rPois rF+ rC+ Stlth+}
rPois   ∞          Reflect  .   J - -2 hat of the Alchemist {rElec rPois rF+ rC+ rN+ Will+ rMut rCorr}
rElec   +          Harm     .   A - scarf {rC+ rF+}
rCorr   +          Rampage  .   (no gloves)
rMut    +                       l - +0 pair of boots
Will    ++...                   y - amulet of regeneration
Stlth   ..........              C - +6 ring of strength
HPRegen 1.07/turn               E - +4 ring of evasion
MPRegen 0.14/turn

@: flying, glowing
A: sickness immunity, AC +11, big wings, negative energy resistance 1,
electricity resistance, torment resistance 1, petrification resistance
a: Renounce Religion, Divine Shield, Cleansing Flame, Summon Divine Warrior,
Brand Weapon With Holy Wrath


You were on level 14 of the Dungeon.
You worshipped the Shining One.
The Shining One was exalted by your worship.
You visited 4 branches of the dungeon, and saw 24 of its levels.
You visited the Abyss 1 time.
You also visited: Ossuary and Ice Cave.

You collected 2195 gold pieces.
You spent 2132 gold pieces at shops.

Inventory:

Hand Weapons
 a - the +10 rapier of the Desolation of Salt (weapon) {flame, rPois rF- rN+ Int+6}
   (You found it on level 5 of the Lair of Beasts)

   It burns those it strikes, dealing additional fire damage.
   Int:       It affects your intelligence (+6).
   rF:        It makes you vulnerable to fire.
   rPois:     It protects you from poison.
   rN:        It protects you from negative energy.
 b - the +6 hunting sling of Callousness {freeze, rElec Will- Dex+5}
   (You found it on level 2 of the Lair of Beasts)

   Any ammunition fired from it freezes those it strikes, dealing additional
   cold damage.
   It can also slow down cold-blooded creatures.
   Dex:       It affects your dexterity (+5).
   rElec:     It insulates you from electricity.
   Will:      It decreases your willpower.
 s - the +5 war axe of Verchagh {holy, Dex+2 SInv}
   (You found it on level 11 of the Dungeon)

   It has been blessed by the Shining One to cause great damage to the undead
   and demons.
   Dex:       It affects your dexterity (+2).
   SInv:      It lets you see invisible.
Missiles
 g - 541 bolts
 m - 3 javelins
 o - 538 arrows
 u - a throwing net
 B - 6 silver javelins
 H - 151 sling bullets
Armour
 c - a +2 buckler (worn)
 l - a +0 pair of boots (worn)
 A - a scarf of resistance (worn)
 F - the +0 gold dragon scales of Paexuw (worn) {rPois rF+ rC+ Stlth+}
   (You bought it in a shop on level 12 of the Dungeon)

   rF:        It protects you from fire.
   rC:        It protects you from cold.
   rPois:     It protects you from poison.
   Stlth:     It makes you more stealthy.
 J - the -2 hat of the Alchemist (worn) {rElec rPois rF+ rC+ rN+ Will+ rMut rCorr}
   (You bought it in a shop on level 2 of the Dungeon)

   rF:        It protects you from fire.
   rC:        It protects you from cold.
   rElec:     It insulates you from electricity.
   rPois:     It protects you from poison.
   rN:        It protects you from negative energy.
   rCorr:     It protects you from acid and corrosion.
   rMut:      It protects you from mutation.
   Will:      It increases your willpower.
Jewellery
 y - an amulet of regeneration (around neck)
 z - a ring of willpower
 C - a +6 ring of strength (left hand)
 E - a +4 ring of evasion (right hand)
Wands
 d - a wand of paralysis (6)
 r - a wand of flame (25) (quivered)
 G - a wand of iceblast (2)
Scrolls
 e - 2 scrolls of blinking
 h - a scroll of magic mapping
 k - 10 scrolls of teleportation
 q - a scroll of enchant weapon
 t - 3 scrolls of enchant armour
 v - 2 scrolls of brand weapon
 w - 4 scrolls of amnesia
 D - 9 scrolls of identify
Potions
 f - 14 potions of curing
 i - a potion of brilliance
 j - 3 potions of magic
 n - 2 potions of degeneration {unknown}
 p - 6 potions of mutation
 x - 3 potions of ambrosia
 I - a potion of cancellation {unknown}


   Skills:
 + Level 17.4 Fighting
 - Level 0.7 Short Blades
 - Level 2.0 Maces & Flails
 + Level 17.4 Armour
 + Level 17.5 Shields


You had 14 spell levels left.
You didn't know any spells.
Your spell library contained the following spells:

 Spells                   Type           Power      Damage    Failure   Level
 Beastly Appendage        Tmut           0%         N/A       97%         1
 Freeze                   Ice            0%         1d3       97%         1
 Ensorcelled Hibernation  Hex/Ice        0%         N/A       99%         2
 Passwall                 Tmut/Erth      0%         N/A       99%         2
 Wereblood                Tmut           0%         N/A       99%         2
 Call Canine Familiar     Summ           0%         N/A       100%        3
 Frozen Ramparts          Ice            0%         1d2       100%        3
 Portal Projectile        Hex/Tloc       0%         N/A       100%        3
 Spider Form              Tmut/Pois      0%         N/A       100%        3
 Stone Arrow              Conj/Erth      0%         3d7       100%        3
 Swiftness                Air            0%         N/A       100%        3
 Animate Armour           Summ/Erth      0%         N/A       100%        4
 Hailstorm                Conj/Ice       0%         3d3       100%        4
 Leda's Liquefaction      Hex/Erth       0%         N/A       100%        4
 Petrify                  Tmut/Erth      0%         N/A       100%        4
 Summon Ice Beast         Ice/Summ       0%         N/A       100%        4
 Summon Lightning Spire   Summ/Air       0%         N/A       100%        4
 Freezing Cloud           Conj/Ice/Air   0%         6-21      100%        5
 Metabolic Englaciation   Hex/Ice        0%         N/A       100%        5
 Storm Form               Tmut/Air       0%         N/A       100%        7
 Lehudib's Crystal Spear  Conj/Erth      0%         10d2      100%        8
 Maxwell's Capacitive Co  Air            0%         ∞         100%        8
 Statue Form              Tmut/Erth      Unusable   N/A       N/A         6

Dungeon Overview and Level Annotations

Branches:
Dungeon (15/15)            Temple (1/1) D:5            Lair (6/6) D:9
 Shoals (0/4) Lair:2        Snake (0/4) Lair:3        Slime (0/5) Lair:6
    Orc (2/2) D:12            Elf (0/3) Orc:2       Ossuary (visited)
  IceCv (visited)
 Vaults: D:13-14     Depths: D:15

Altars:
Cheibriados
Elyvilon
Fedhas
Gozag
Hepliaklqana
Kikubaaqudgha
Makhleb
Nemelex Xobeh
Okawaru
Qazlal
Ru
Sif Muna
Trog
Uskayaw
Vehumet
Wu Jian
Xom
Yredelemnul
Zin
The Shining One
Jiyva

Shops:
D:2 [   D:6 *   D:11 :   D:12 *   D:13 *   Orc:2 *[(??

Portals:
Trove: D:11 (give 4 scrolls of fear)

Annotations:
D:10 1 runed translucent door, Selrock's ghost, journeyman DjCj
D:12 1 transporter, Selrock's ghost, adept DjCj


Innate Abilities, Weirdness & Mutations

You are immune to sickness and miasma.
Your stone body is resilient. (AC +11)
You are immune to poison.
Your large and strong wings let you fly.
You resist negative energy. (rN+)
You are resistant to electric shocks. (rElec)
You are resistant to unholy torment.
You are immune to petrification.


Message History

The ettin shouts in stereo!
You puncture the hell knight!
The hell knight is almost dead.
The hell knight hits you with a +2 vorpal broad axe.
A necromancer comes into view. It is wielding a +0 dagger.
The hell knight hits you but does no damage.
Unknown command.
You barely miss the hell knight.
The hell knight is severely wounded.
The hell knight gestures wildly while chanting.
The hell knight blinks!
The necromancer casts a spell.
The necromancer binds the souls of nearby monsters.
Unknown command.
The hell knight casts a spell.
The hell knight blinks!
The ettin hits you but does no damage.
The ettin hits you with a +0 dire flail!
Things that are here:
a +0 troll leather armour; a deep troll corpse You hit the ettin.
You burn the ettin.
The ettin is lightly wounded.
The hell knight casts a spell.
The hell knight blinks!
The ettin hits you with a +0 dire flail.
The ettin hits you with a +0 dire flail!!
Unknown command.
You hit the ettin but do no damage.
The ettin is lightly wounded.
The ettin barely misses you.
The ettin hits you with a +0 dire flail!
The hell knight gestures wildly while chanting.
The hell knight blinks!
There is a stone staircase leading up here.
The ettin hits you with a +0 dire flail! x2
* * * LOW HITPOINT WARNING * * *
You fly upwards.
There is a stone staircase leading down here.
You block the ettin's attack.
The ettin hits you with a +0 dire flail!!
You die...

.....#...#............#.......##.
.....#...#............#.......#..
.....'...#............#.......#..
.....###+##...........#..>....#..
......†...#...........#.......#..
..........#.......<...#.......#..
.....^....#...........#.......#..
..........#...........#.......#..
..........#...##@.....#.......#..
..........#...##.C....#.......#..
..........#...##......#.......#..
..........#...##..>...#.......#..
.....######...#.......#.......#..
###### #....#########.......##+
#....#......^........#..
#....#...............#..
#....#.......(##'#####..


You could see an ettin (soul bound).

Vanquished Creatures
  A frost giant (D:13)
  An orc warlord (Orc:1)
  A reaper (IceCv)
  Snorg (Lair:4)
  The ghost of RBrandon the Slicer, a journeyman DEBe of Trog (Lair:4)
  A fire dragon (Lair:6)
  A vault guard (D:11)
  An ice dragon (D:13)
  9 hydras
  A boulder beetle (D:12)
  A catoblepas (Lair:4)
  13 death yaks
  5 two-headed ogres
  An alligator (D:13)
  4 centaur warriors
  A swamp dragon (Lair:6)
  A deep troll (D:15)
  4 orc knights (Orc:2)
  3 deep elf pyromancers
  3 ugly things
  A manticore (D:12)
  3 cyclopes
  8 elephants
  4 black mambas
  3 ice statues
  2 torpor snails (Lair:4)
  A smoke demon (Abyss:2)
  7 cane toads
  3 gargoyles
  2 kobold demonologists (D:8)
  2 unseen horrors
  2 rime drakes
  Psyche (D:9)
  2 anaconda simulacra (IceCv)
  8 ice devils (IceCv)
  3 efreet
  14 komodo dragons
  4 trolls
  A polar bear (Lair:6)
  3 hornets
  A queen bee (D:6)
  The ghost of xSliceyx the Covered, an amateur DsFi (D:6)
  7 blink frogs
  38 yaks
  2 vampires
  A dire elephant simulacrum (IceCv)
  2 wraiths
  A wyvern (Lair:3)
  5 basilisks
  14 vampire mosquitoes
  A chaos spawn (Abyss:2)
  4 steam dragons (Lair:6)
  A warg (Orc:2)
  12 water moccasins
  A harpy simulacrum (IceCv)
  3 nagas (Lair:3)
  3 acid dragons
  4 black bears
  23 ice beasts
  26 orc warriors
  2 sky beasts (D:5)
  A hornet zombie (D:6)
  A necrophage (D:6)
  25 wolves
  7 ogres
  15 centaurs
  Blork the orc (D:6)
  11 bullfrogs
  5 kobold brigands
  A cane toad simulacrum (IceCv)
  A gnoll sergeant (D:9)
  A scorpion (D:4)
  A wyvern skeleton (D:6)
  An elephant simulacrum (IceCv)
  13 killer bees
  13 wights
  13 electric eels
  7 howler monkeys
  8 centaur zombies
  A human zombie (Ossuary)
  A bullfrog zombie (D:7)
  4 hounds
  A jelly (D:8)
  7 orc priests
  3 iron imps (D:8)
  5 iguanas
  15 orc wizards
  2 polar bear simulacra (IceCv)
  6 hell rats (Lair:6)
  3 spriggan simulacra (IceCv)
  4 troll simulacra (IceCv)
  A killer bee zombie (D:9)
  3 hound zombies (Ossuary)
  4 mummies (Ossuary)
  A howler monkey zombie (D:9)
  14 gnolls
  2 naga simulacra (IceCv)
  4 adders
  A shadow imp (D:8)
  A white imp (D:7)
  3 ufetubi
  2 adder zombies (Ossuary)
  4 worms
  2 dart slugs
  65 orcs
  A bat (D:1)
  10 endoplasms
  10 giant cockroaches
  12 goblins
  8 hobgoblins
  3 jackals (D:1)
  45 kobolds
  2 quokkas
  9 ball pythons
  5 frilled lizards
  2 gnoll zombies (Ossuary)
  A goblin zombie (Ossuary)
  A hobgoblin zombie (Ossuary)
  A jackal zombie (D:7)
  A kobold zombie (Ossuary)
  5 rats
  A rat zombie (Ossuary)
681 creatures vanquished.

Vanquished Creatures (others)
  An orc warrior (Orc:2)
  2 howler monkeys (D:12)
  An orc wizard (D:5)
  An iguana (D:5)
  27 fungi
  59 plants
91 creatures vanquished.

Grand Total: 772 creatures vanquished

Notes
Turn   | Place    | Note
-------+----------+-------------------------------------------
     0 | D:1      | JustinTrotter the Gargoyle Fighter began the quest for the
                  | Orb.
     0 | D:1      | Reached XP level 1. HP: 14/14 MP: 1/1
   327 | D:1      | Reached XP level 2. HP: 11/19 MP: 2/2
   535 | D:1      | You fall into a shaft and drop 1 floor!
   864 | D:1      | Reached XP level 3. HP: 12/24 MP: 3/3
  1942 | D:2      | Found Rimefeoch's Armour Shop.
  2045 | D:2      | Reached XP level 4. HP: 29/29 MP: 4/4
  2571 | D:2      | Found a faded altar of an unknown god.
  3391 | D:3      | Noticed a kobold brigand
  3437 | D:3      | Killed a kobold brigand
  3438 | D:3      | Reached XP level 5. HP: 16/34 MP: 3/5
  3656 | D:3      | Found a sacrificial altar of Ru.
  3714 | D:3      | Noticed a kobold brigand
  3772 | D:3      | Killed a kobold brigand
  3773 | D:3      | Reached XP level 6. HP: 28/40 MP: 2/6
  3810 | D:3      | Reached skill level 5 in Fighting
  3810 | D:3      | Reached skill level 5 in Armour
  3810 | D:3      | Reached skill level 5 in Shields
  4475 | D:3      | Reached XP level 7. HP: 28/44 MP: 5/7
  6274 | D:4      | Found a radiant altar of Vehumet.
  6594 | D:5      | Entered Level 5 of the Dungeon
  6704 | D:5      | Reached XP level 8. HP: 46/52 MP: 8/8
  7107 | D:5      | Found a staircase to the Ecumenical Temple.
  7116 | Temple   | Entered the Ecumenical Temple
  7212 | Temple   | Became a worshipper of the Shining One
  8580 | D:6      | Reached XP level 9. HP: 37/59 MP: 4/9
  8706 | D:6      | Noticed Blork the orc
  8721 | D:6      | Killed Blork the orc
  8877 | D:6      | Reached * piety under the Shining One
  9146 | D:6      | Found Itzos's Neck Hole.
  9154 | D:6      | Bought a scarf of resistance for 352 gold pieces
  9242 | D:6      | Noticed a hornet
  9255 | D:6      | Killed a hornet
  9551 | D:6      | Noticed a queen bee
  9558 | D:6      | Noticed a hornet
  9581 | D:6      | Found a transporter.
  9585 | D:6      | Found a transporter.
  9808 | D:6      | Noticed xSliceyx's ghost (amateur DsFi)
 10253 | D:7      | Noticed a hornet
 10263 | D:7      | Killed a hornet
 10512 | D:7      | Found a sand-covered staircase.
 10514 | D:7      | Reached ** piety under the Shining One
 10521 | Ossuary  | Entered an ossuary
 10658 | Ossuary  | Reached *** piety under the Shining One
 10984 | D:7      | Reached XP level 10. HP: 66/66 MP: 10/10
 11211 | D:8      | Noticed a red ugly thing
 11442 | D:8      | Killed a red ugly thing
 11699 | D:8      | Noticed a kobold demonologist
 11699 | D:8      | Noticed a kobold demonologist
 11711 | D:8      | Noticed a soul eater
 11714 | D:8      | Noticed a rust devil
 11715 | D:8      | Killed a kobold demonologist
 11716 | D:8      | Reached skill level 10 in Shields
 11720 | D:8      | Killed a kobold demonologist
 11721 | D:8      | Reached skill level 10 in Fighting
 11721 | D:8      | Reached skill level 10 in Armour
 11856 | D:8      | Found a burning altar of Makhleb.
 12318 | D:9      | Reached **** piety under the Shining One
 12671 | D:9      | Found a staircase to the Lair.
 13161 | D:9      | Noticed a five-headed hydra
 13174 | D:8      | Killed a five-headed hydra
 13175 | D:8      | Reached XP level 11. HP: 11/74 MP: 2/11
 13884 | D:9      | Noticed Psyche
 13887 | D:9      | Killed Psyche
 14388 | D:10     | Entered Level 10 of the Dungeon
 14908 | D:10     | Noticed a two-headed ogre
 14908 | D:10     | Noticed a two-headed ogre
 14915 | D:10     | Killed a two-headed ogre
 14917 | D:10     | Killed a two-headed ogre
 15116 | D:10     | Found a runed translucent door.
 15117 | D:10     | Noticed Selrock's ghost (journeyman DjCj)
 15200 | D:10     | Noticed a two-headed ogre
 15208 | D:10     | Killed a two-headed ogre
 16146 | D:11     | Reached XP level 12. HP: 43/82 MP: 9/12
 16325 | D:11     | Found Rizudufo's Book Boutique.
 16501 | D:11     | Noticed a vault guard
 16518 | D:11     | Killed a vault guard
 16607 | D:11     | Found a portal to a secret trove of treasure.
 16870 | D:11     | Identified the +5 war axe of Verchagh {holy, Dex+2 SInv}
 17407 | D:12     | Noticed a boulder beetle
 17503 | D:12     | Killed a boulder beetle
 17515 | D:12     | Noticed a two-headed ogre
 17525 | D:12     | Killed a two-headed ogre
 17623 | D:12     | Found a staircase to the Orcish Mines.
 17634 | D:12     | Found a transporter.
 17638 | D:12     | Noticed Selrock's ghost (adept DjCj)
 17638 | D:12     | Noticed a catoblepas
 17641 | D:12     | Noticed a six-headed hydra
 17642 | D:12     | Noticed an ice dragon
 17700 | D:12     | Found a transporter.
 17831 | D:12     | Found a glowing silver altar of Zin.
 17863 | D:12     | Noticed a two-headed ogre
 17886 | D:12     | Killed a two-headed ogre
 18351 | D:12     | Found Dazy's General Store.
 18830 | D:13     | Found a frozen archway.
 18837 | IceCv    | Entered an ice cave
 18862 | IceCv    | Reached ***** piety under the Shining One
 19575 | IceCv    | Reached XP level 13. HP: 86/89 MP: 13/13
 19693 | IceCv    | Noticed a reaper
 19718 | IceCv    | Killed a reaper
 20034 | IceCv    | Got the Collected Works on Cold
 20938 | D:13     | Noticed a frost giant
 21452 | D:13     | Killed a frost giant
 21864 | D:13     | Found Pankiop's Gadget Gallery.
 22908 | D:14     | Reached skill level 15 in Shields
 23332 | Lair:1   | Entered Level 1 of the Lair of Beasts
 23401 | Lair:1   | Reached skill level 15 in Fighting
 23626 | Lair:1   | Reached skill level 15 in Armour
 24381 | Lair:2   | Identified the +6 hunting sling of Callousness {freeze,
                  | rElec Will- Dex+5}
 24406 | Lair:2   | Gained mutation: Your large and strong wings let you fly.
                  | [Gargoyle growth]
 24406 | Lair:2   | Reached XP level 14. HP: 83/98 MP: 12/14
 25748 | Lair:3   | Found a staircase to the Snake Pit.
 26716 | Lair:3   | Identified the +1 ring mail of Yrchoem {Regen+ MP+9 Dex-4
                  | Stlth+}
 27880 | Lair:4   | Found a large runed translucent door.
 28487 | Lair:4   | Noticed Snorg
 28502 | Lair:4   | Killed Snorg
 28671 | Lair:4   | Found a large runed translucent door.
 29368 | Lair:4   | Noticed RBrandon's ghost (journeyman DEBe)
 29381 | Lair:4   | Cast into level 2 of the Abyss (RBrandon's ghost)
 29468 | Abyss:2  | Found a corrupted altar of Lugonu.
 29514 | Lair:4   | Escaped the Abyss
 29522 | Lair:4   | Killed RBrandon's ghost
 29885 | Lair:5   | Identified the +10 rapier of the Desolation of Salt {flame,
                  | rPois rF- rN+ Int+6}
 30851 | Lair:6   | Entered Level 6 of the Lair of Beasts
 31925 | Lair:5   | Reached XP level 15. HP: 105/105 MP: 15/15
 32465 | Lair:6   | Found a viscous altar of Jiyva.
 32466 | Lair:6   | Found a staircase to the Slime Pits.
 32601 | Lair:6   | Reached ****** piety under the Shining One
 33375 | Lair:2   | You are sucked into a shaft and drop 2 floors!
 33504 | Lair:2   | Found a staircase to the Shoals.
 34121 | Lair:2   | Identified the +4 dagger of Plunder {elec, Drain rC+ Str+3
                  | SInv}
 34255 | D:12     | Bought the +0 gold dragon scales of Paexuw {rPois rF+ rC+
                  | Stlth+} for 1167 gold pieces
 34331 | Orc:1    | Entered Level 1 of the Orcish Mines
 34448 | Orc:2    | Entered Level 2 of the Orcish Mines
 34505 | Orc:2    | Noticed an orc warlord
 34654 | Orc:1    | Killed an orc warlord
 34868 | Orc:2    | Found Jygreilu's Magic Scroll Boutique.
 34878 | Orc:2    | Found a staircase to the Elven Halls.
 35386 | Orc:2    | Found Cakliras's Antique Armour Emporium.
 35386 | Orc:2    | Found Tal Gias's Weapon Shop.
 35386 | Orc:2    | Found Laadush's Magic Scroll Boutique.
 35389 | Orc:2    | Found Paumyit's Assorted Antiques.
 36635 | D:2      | Bought the -2 hat of the Alchemist {rElec rPois rF+ rC+ rN+
                  | Will+ rMut rCorr} for 613 gold pieces
 36635 | D:2      | Found the -2 hat of the Alchemist {rElec rPois rF+ rC+ rN+
                  | Will+ rMut rCorr}
 36760 | D:6      | Killed xSliceyx's ghost
 37142 | D:15     | Entered Level 15 of the Dungeon
 37218 | D:14     | Slain by an ettin

Illustrated notes

Levels and vault maps discovered:
D:1:      lightli_arrival_boilingwater, layout_loops_ring,
          hangedman_glass_teeth, supply_closet_lemuel, minivault_14,
          hangedman_abyss_or_decor_lesser_grid, hex_tiny, amethyst_killhole,
          kennysheep_crisscross, dk_noncrumbling_2, minivault_27
D:2:      layout_loops_ring, serial_shops, shop,
          dilly_ecumenical_altar_fadedgnrine
D:3:      minmay_goblin_kobold_castle, layout_basic, nicolae_ru_path_of_blood
D:4:      layout_basic, mainiacjoe_overflow_24_doors
D:5:      layout_basic, lemuel_temple_firewalk_b, nrook_campfire
D:6:      layout_basic, gammafunk_ghost_hive, fountainhead,
          nicolae_shop_sticking_my_neck_out, uniq_blork_the_orc
D:7:      layout_basic, enter_ossuary_3
D:8:      layout_basic, demons_altar, amcnicky_mini_rare_corridor_liquid
D:9:      layout_basic, erik_lair_island, uniq_psyche
D:10:     minmay_spotlight, layout_basic, gammafunk_ghost_grave
D:11:     layout_gridville, serial_shops, nicolae_square_shop, enter_trove_5
D:12:     layout_basic, orc_0_dummy, gammafunk_ghost_berserking_beasts,
          nicolae_stop_n_shop_2, zin_statuary
D:13:     minmay_twisted_water, layout_stronghold, serial_column_ruins,
          column_ruins_grid_1, column_ruins_grid_1, column_ruins_open_small,
          column_ruins_columns_straight, column_ruins_open_small,
          column_ruins_open_small, column_ruins_corridor_straight,
          portal_ice_cave_entry_pillars_1, nicolae_shop_gadgets
D:14:     layout_gridville, erik_vaults_1, nicolae_wwwww
D:15:     hangedman_depths_entry_civil_slaughter, layout_basic,
          hellmonk_bongcloud_opening, uniq_agnes
Temple:   mainiacjoe_temple_bowtie_tessellation
Lair:1:   layout_chaotic_city, infiniplex_staircase_pool
Lair:2:   cheibrodos_lair_river_kwai, layout_misc_corridors,
          elwin_shoals_entry_rooms
Lair:3:   layout_cave_pods, guppyfry_snake_entry_island, lemuel_fruit_tree,
          grunt_megastairs_3
Lair:4:   layout_roguey, ebering_ghost_disaster_area, st_stairs_11, uniq_snorg
Lair:5:   layout_loops_ring, infiniplex_staircase_pool_2
Lair:6:   guppyfry_lair_end_dragon, layout_hall_layers, slime_altar_1
Orc:1:    layout_caves, minmay_orc_temple_b
Orc:2:    st_orc_rangers, layout_caves, serial_shops, nicolae_shop_behind_doors

Skill      XL: |  1  2  3  4  5  6  7  8  9 10 11 12 13 14 15 |
---------------+----------------------------------------------+-----
Fighting       | 4 5 6 7 9 11 12 13 15 16 17 | 17.4
Armour         | 4 5 6 7 9 10 12 13 15 16 17 | 17.4
Shields        | 4 5 6 7 9 11 12 13 15 16 17 | 17.5
Short Blades   | |  0.7
Maces & Flails | |  2.0

Action                   |  1- 3 |  4- 6 |  7- 9 | 10-12 | 13-15 || total
-------------------------+-------+-------+-------+-------+-------++-------
Melee: Flail             |   169 |   144 |       |       |       ||   313
       Spear             |       |    91 |   138 |       |       ||   229
       Whip              |       |       |   340 |       |       ||   340
       Unarmed           |       |       |    15 |    60 |       ||    75
       Morningstar       |       |       |       |   441 |       ||   441
       War axe           |       |       |       |   196 |   671 ||   867
       Rapier            |       |       |       |       |   558 ||   558
 Fire: Hunting sling     |       |       |       |       |    21 ||    21
Throw: Dart              |       |       |    13 |     7 |       ||    20
       Javelin           |       |       |       |     1 |     3 ||     4
       Throwing net      |       |       |       |       |     2 ||     2
Invok: Divine Shield     |       |       |     2 |     7 |     8 ||    17
       Cleansing Flame   |       |       |       |       |     1 ||     1
Evoke: Wand              |       |       |       |     8 |    40 ||    48
  Use: Scroll            |     2 |     2 |    11 |     6 |    13 ||    34
       Potion            |       |       |       |     4 |    16 ||    20
Armor: Scale mail        |    92 |   114 |   213 |   244 |       ||   663
       Plate armour      |       |       |       |   279 |   890 ||  1169
       Chain mail        |       |       |       |       |     2 ||     2
       Gold dragon scale |       |       |       |       |   352 ||   352
Dodge: Dodged            |    72 |   101 |   157 |   341 |   901 ||  1572
Block: Buckler           |    38 |    37 |   175 |   401 |  1017 ||  1668
